 Dungeon Crawl Stone Soup version 0.31-a0-1074-g0b22e4e0f1 (webtiles) character file.

Game seed: 9117810780306436603

59 BigPumpCobain the Ruffian (level 3, -3/35 HPs)
             Began as a Troll Shapeshifter on Dec 4, 2023.
             Slain by Sigmund
             ... wielding a +0 scythe
              (4 damage)
             ... on level 3 of the Dungeon.
             The game lasted 00:01:53 (1426 turns).

BigPumpCobain the Ruffian (Troll Shapeshifter)      Turns: 1426, Time: 00:01:54

Health: -3/35      AC:  4    Str: 24    XL:     3   Next: 78%
Magic:  2/2        EV:  9    Int:  6    God:
Gold:   103        SH:  0    Dex:  9    Spells: 2/2 levels left

rFire   . .          .
                       - Unarmed
rCold   . . .        (no shield)
rNeg    . . .        a - +0 animal skin
rPois   .            (helmet currently unavailable)
rElec   .            (cloak currently unavailable)
rCorr   .            (gloves unavailable)
SInv    .            (boots unavailable)
Will    .....        (no amulet)
Stlth   +            (no ring)
HPRegen 1.05/turn    (no ring)
MPRegen 0.08/turn

%: no passive effects
@: beast-form
A: beast (slay +1), large, unfitting armour, claws 3, regeneration 1, shaggy fur
1, tough skin 1
a: Begin Untransformation


You were on level 3 of the Dungeon.
You were a hulking beast.
You visited 1 branch of the dungeon, and saw 3 of its levels.

You collected 103 gold pieces.

Inventory:

Armour
 a - a +0 animal skin (worn)
Talismans
 c - a beast talisman
 d - a flux talisman
Scrolls
 e - a scroll of revelation {unknown}
 f - 2 scrolls of identify {unknown}
 h - 2 scrolls of poison {unknown}
 j - a scroll of butterflies {unknown}
Potions
 b - a potion of lignification
 g - a potion of degeneration {unknown}
 i - 2 potions of curing {unknown}


   Skills:
 + Level 2.2 Fighting
 - Level 1.5 Dodging
 + Level 4.0 Unarmed Combat
 - Level 3.0 Shapeshifting


You had 2 spell levels left.
You didn't know any spells.
Your spell library contained the following spells:

 Spells                   Type           Power      Damage    Failure   Level
 Alistair's Intoxication  Tmut/Pois      0%         N/A       100%        5
 Borgnjor's Vile Clutch   Necr/Erth      0%         N/A       100%        5
 Eringya's Noxious Bog    Tmut/Pois      0%         4d6       100%        6


Dungeon Overview and Level Annotations

Branches:
Dungeon (3/15)

Altars:

Annotations:
D:3 Sigmund


Innate Abilities, Weirdness & Mutations

You are a hulking beast.
Your limbs bulge with bestial killing power. (Slay +1)
You are too large for most types of armour.
You have claws for hands.
Your natural rate of healing is unusually fast.
You are covered in fur. (AC +1)
You have tough skin. (AC +1)


Message History

The kobold shouts!
Sigmund barely misses you.
Found 6 poisoned darts.
A ball python comes into view.
Sigmund hits you with a +0 scythe.
You closely miss Sigmund.
The ball python hisses angrily.
The orc hits you but does no damage. Sigmund casts a spell at you.
The magic dart hits you! The orc attacks as it pursues you!
The orc hits you but does no damage.
You're too confused to move!
You feel less confused.
Sigmund gestures wildly while chanting.
Sigmund flickers and vanishes!
Deactivating autopickup; reactivate with Ctrl-A.
The orc hits you with a +0 hand axe.
You scratch something. Something hits you but does no damage.
The orc barely misses you.
You scratch something.
The ball python bites you but does no damage.
The orc closely misses you. Something hits you!
You barely miss something. The ball python misses you. The orc misses you.
The kobold hits you but does no damage.
You barely miss something. Your claw misses something.
The ball python barely misses you. The kobold hits you but does no damage.
The orc hits you with a +0 hand axe. Something hits you but does no damage.
The ball python bites you but does no damage.
You closely miss something. The kobold hits you with a +0 dagger.
The orc hits you with a +0 hand axe. The ball python bites you.
You hear some strange, mumbled words.
A magic dart appears from out of thin air!
The magic dart hits you!
* * * LOW HITPOINT WARNING * * *
You miss something. The kobold hits you with a +0 dagger.
* * * LOW HITPOINT WARNING * * *
The orc hits you with a +0 hand axe.
* * * LOW HITPOINT WARNING * * *
The ball python closely misses you. Something hits you.
You die...

###...
#######....#####
#..(...........#
##.....##.......#
......#........# ##
#....#........# ...
#....#........#
....#..KS.....<...#
.......{h#.##.#####
.......o.#.#..#
.........#.#.##
.........#.#.#
.......##....#
####... #...##
...#. #..##
#..###.[..# ...#
+#...#


You could see an orc, a ball python and a kobold.

Vanquished Creatures
  An adder (D:2)
  A worm (D:2)
  A dart slug (D:1)
  5 endoplasms
  A giant cockroach (D:1)
  4 hobgoblins (D:1)
  2 quokkas
  9 ball pythons
  A bat (D:2)
  4 frilled lizards
  5 goblins
  8 kobolds
  3 rats
45 creatures vanquished.

Notes
Turn   | Place    | Note
-------+----------+-------------------------------------------
     0 | D:1      | BigPumpCobain the Troll Shapeshifter began the quest for
                  | the Orb.
     0 | D:1      | Reached XP level 1. HP: 18/18 MP: 0/0
    47 | D:1      | Reached skill level 1 in Fighting
    78 | D:1      | Reached XP level 2. HP: 27/27 MP: 1/1
   717 | D:2      | Reached XP level 3. HP: 35/35 MP: 2/2
  1412 | D:3      | Reached skill level 4 in Unarmed Combat
  1413 | D:3      | Noticed Sigmund
  1426 | D:3      | HP: 1/35 [orc/+0 hand axe (6)]
  1426 | D:3      | Slain by Sigmund

Illustrated notes

Levels and vault maps discovered:
D:1:      tekkud_arrival_beachfront_property, layout_basic
D:2:      minmay_evil_eye, layout_basic, corexii_corridor_pit
D:3:      layout_rooms, nemelex_diamond_rough_becter, uniq_sigmund

Skill      XL: |  1  2  3 |
---------------+----------+-----
Fighting       | 1 2 |  2.2
Unarmed Combat | 4 |  4.0
Dodging        | |  1.5
Shapeshifting  | |  3.0

Action                     || total
---------------------------++-------
  Melee: Unarmed           ||   108
         Punch             ||     4
   Stab: Sleeping          ||     2
 Armour: Animal skin       ||    70
  Dodge: Dodged            ||    44

Table legend: (Time is in decaauts)
 A = Elapsed time spent in this place.
 B = Non-inter-level travel time spent in this place.
 C = Inter-level travel time spent in this place.
 D = Time resting spent in this place.
 E = Time spent auto-exploring this place.
 F = Levels seen in this place.
 G = Mean time per level.
                   A        B        C        D        E       F      G
               +--------+--------+--------+--------+--------+-----+--------+
         Total |   1419 |   1398 |     21 |      0 |   1144 |   3 |  473.0 |
       Dungeon |   1419 |   1398 |     21 |      0 |   1144 |   3 |  473.0 |
               +--------+--------+--------+--------+--------+-----+--------+

Top non-repeatable levels by time:
     D:1: 704 daAuts
     D:2: 690 daAuts
     D:3: 24 daAuts
